Map: Ephemeron LE

Players

Cham - Winner!

  • Race: Zerg Zerg
  • Spawn Location: 5:00

Trumpet

  • Race: Protoss Protoss
  • Spawn Location: 11:00

VOD

Have the link to the VOD?

Description

Time

  • Played on: Sept. 6, 2019, 12:20 p.m.
  • Length: 7:10
Show
View Real Time Build Order
Export as new Build Order

Cham Zerg - Winner!

Build Orders: Hatch First 

Get SALT Encoding   

  12  0:00  Drone  
  13  0:09  Drone  
  14  0:16  Overlord  
  14  0:35  Drone x2  
  16  0:48  Hatchery  
  15  0:52  Drone  
  16  0:57  Drone  
  17  1:09  Drone  
  17  1:11  Extractor  
  17  1:16  Spawning Pool  
  16  1:19  Drone  
  16  1:21  Drone  
  18  1:29  Drone  
  19  1:40  Drone  
  20  1:50  Drone  
  21  2:00  Drone  
  22  2:02  Queen x2  
  22  2:03  Zergling x2  
  27  2:11  Metabolic Boost, Zergling x2  
  27  2:15  Overlord  
  28  2:34  Drone x2, Hatchery  
  29  2:38  Drone  
  31  2:44  Drone x2  
  31  2:46  Drone  
  33  2:52  Queen  
  33  2:57  Overlord  
  35  3:03  Drone  
  36  3:15  Drone  
  36  3:16  Drone x7  
  44  3:23  Spore Crawler  
  44  3:24  Drone  
  44  3:26  Overlord  
  44  3:35  Overlord  
  44  3:48  Drone  
  44  3:49  Drone x2  
  44  3:50  Queen x2  
  44  3:51  Drone x2  
  44  3:52  Drone x2  
  55  3:58  Drone x3  
  55  4:00  Overlord  
  58  4:07  Overlord  
  59  4:10  Zergling x4  
  59  4:15  Drone  
  61  4:22  Drone x3  
  61  4:23  Drone x3  
  67  4:25  Roach Warren, Lair  
  67  4:30  Spore Crawler, Drone  
  66  4:37  Zergling x4  
  66  4:38  Zergling x4  
  70  4:40  Zergling x2  
  70  4:42  Overlord  
  71  4:48  Zergling x8  
  71  4:51  Zergling x2  
  76  4:53  Overlord  
  76  4:58  Overlord  
  76  5:00  Extractor  
  76  5:03  Drone  
  76  5:04  Extractor x3, Drone x3  
  76  5:07  Queen  
  76  5:09  Overlord  
  76  5:12  Drone x2  
  79  5:16  Drone x6  
  79  5:19  Extractor  
  79  5:20  Overlord  
  83  5:28  Drone x3  
  83  5:32  Overlord, Drone x2  
  85  5:38  Glial Reconstitution  
  85  5:39  Overlord  
  85  5:42  Roach x2  
  88  5:43  Overlord  
  88  5:44  Roach x2  
  88  5:45  Roach x3  
  97  5:51  Drone  
  97  5:56  Baneling Nest, Evolution Chamber  
  95  5:58  Overlord  
  95  6:01  Hatchery  
  94  6:11  Drone x3  
  96  6:13  Roach x7  
  111  6:18  Roach  
  111  6:19  Roach x2  
  111  6:24  Zergling x2  
  118  6:28  Overlord  
  118  6:38  Drone  
  117  6:40  Drone x6  
  117  6:44  Roach x2  
  117  6:45  Roach x2  
  131  6:48  Roach x2  
  131  6:49  Roach x2  
Show
View Real Time Build Order
Export as new Build Order

Trumpet Protoss 

Build Orders: 1 Gate Expand, Oracle Opening, Phoenix Opening, Zealot Archon, Archon Drop 

Get SALT Encoding   

  12  0:00  Probe  
  13  0:12  Probe  
  14  0:19  Pylon  
  14  0:22  Probe  
  15  0:33  Probe  
  15  0:38  Gateway  
  16  0:43  Probe  
  16  0:48  Assimilator  
  17  0:55  Probe  
  18  1:07  Probe  
  19  1:19  Probe  
  20  1:28  Nexus  
  20  1:35  Probe  
  20  1:36  Cybernetics Core  
  21  1:43  Probe  
  22  1:50  Assimilator  
  22  1:53  Probe  
  22  1:57  Pylon  
  23  2:06  Adept  
  26  2:15  Probe  
  26  2:27  Stargate, Probe  
  26  2:28  Adept  
  29  2:40  Probe  
  30  2:45  Probe  
  30  2:46  Warp Gate  
  31  2:52  Gateway, Probe  
  31  2:58  Probe  
  33  3:04  Probe  
  34  3:10  Probe  
  34  3:11  Oracle  
  34  3:12  Probe  
  39  3:20  Probe  
  39  3:22  Probe  
  39  3:24  Pylon  
  41  3:30  Probe  
  41  3:33  Robotics Facility  
  42  3:34  Probe  
  42  3:35  Assimilator  
  42  3:37  Assimilator  
  42  3:40  Probe  
  43  3:46  Probe  
  45  3:48  Phoenix  
  45  3:51  Probe  
  47  3:58  Probe  
  47  4:01  Probe, Twilight Council  
  49  4:06  Pylon  
  50  4:10  Probe  
  50  4:13  Probe  
  50  4:14  Gateway  
  52  4:23  Warp Prism, Gateway  
  52  4:32  Probe x2  
  52  4:37  Templar Archives  
  56  4:43  Adept  
  56  4:44  Adept  
  60  4:50  Probe  
  60  4:51  Probe  
  62  5:05  Pylon  
  62  5:07  Pylon  
  62  5:08  Nexus  
  62  5:12  Pylon  
  62  5:20  Shield Battery  
  62  5:21  Shield Battery  
  62  5:30  High Templar x2  
  62  5:31  High Templar  
  62  5:32  High Templar  
  63  5:36  Immortal  
  63  5:37  Archon x2  
  67  5:45  Forge  
  67  5:48  Gateway, Probe  
  68  5:51  Gateway  
  68  5:53  Pylon  
  68  6:02  Probe x2  
  70  6:14  Probe  
  70  6:18  Immortal  
  75  6:25  Probe  
  75  6:26  Probe  
  76  6:35  Adept x2  
  76  6:36  Zealot  
  76  6:37  Nexus  
  81  6:43  Probe  
  82  6:54  Pylon, Probe  
  83  6:55  Probe  
  83  6:57  Pylon, Adept  
  83  7:00  Gateway x2, Zealot  
  84  7:04  Gateway  
Tags
 
Add a new tag
Caveats
  • Supply blocks, unpowered buildings, or Contaminate may cause inaccurate times.
  • Supply counts are checked every 10 seconds.